 Dungeon Crawl Stone Soup version 0.18-a0-917-g8a3da5b (webtiles) character file.

322 sugabear the Conjurer (level 6, -5/48 HPs)
             Began as a Draconian Conjurer on Dec 26, 2015.
             Slain by a worker ant (6 damage)
             ... on level 3 of the Dungeon.
             The game lasted 00:07:49 (3691 turns).

sugabear the Conjurer (Draconian Conjurer)          Turns: 3691, Time: 00:07:49

Health: -5/48      AC: 11    Str: 10    XL:     6   Next: 22%
Magic:  1/10       EV: 13    Int: 18    God:
Gold:   121        SH:  0    Dex: 11    Spells: 2 memorised, 5 levels left

rFire  . . .     SeeInvis .     f - +1 dagger (protect)
rCold  . . .     Gourm    .     (armour unavailable)
rNeg   . . .     Faith    .     (no shield)
rPois  .         Spirit   .     (helmet restricted)
rElec  .         Dismiss  .     (no cloak)
rCorr  .         Reflect  .     (no gloves)
SustAt .         Harm     .     (no boots)
MR     .....                    (no amulet)
Stlth  ++........               (no ring)
                                (no ring)

@: not resistant to hostile enchantments, unstealthy
A: unfitting armour, cold-blooded, AC +6
a: no special abilities


You were on level 3 of the Dungeon.
You were hungry.

You visited 1 branch of the dungeon, and saw 4 of its levels.

You collected 121 gold pieces.

Inventory:

Hand Weapons
 d - a +0 whip of flaming
 f - a +1 dagger of protection (weapon)
 n - a +0 dagger of electrocution
 t - a +2 vampiric hand axe
Scrolls
 e - 7 scrolls of identify {unknown}
 g - 2 scrolls of teleportation {unknown}
 i - a scroll of enchant weapon {unknown}
 j - 3 scrolls of remove curse {unknown}
 k - 2 scrolls of immolation {unknown}
 m - a scroll of enchant armour {unknown}
 s - a scroll of blinking {unknown}
Potions
 c - a potion of heal wounds {unknown}
 h - 5 potions of lignification {unknown}
 l - a potion of brilliance {unknown}
 q - a potion of degeneration {unknown}
 r - a potion of flight {unknown}
Books
 a - a book of Conjurations

   Spells                             Type                      Level
   a - Magic Dart                     Conjuration                  1
   b - Searing Ray                    Conjuration                  2
   c - Dazzling Spray                 Conjuration/Hexes            3
   d - Fulminant Prism                Conjuration/Hexes            4
   e - Iskenderun's Mystic Blast      Conjuration                  4
   f - Iskenderun's Battlesphere      Conjuration/Charms           5
Comestibles
 b - 4 bread rations
 p - a fruit


   Skills:
 + Level 1.8 Fighting
 + Level 0.6 Short Blades
 + Level 0.4 Maces & Flails
 + Level 3.8 Dodging
 + Level 2.4 Stealth
 + Level 2.7 Spellcasting
 + Level 5.3 Conjurations


You had 5 spell levels left.
You knew the following spells:

 Your Spells              Type           Power        Failure   Level  Hunger
a - Magic Dart            Conj           ###.         1%          1    #......
b - Iskenderun's Mystic   Conj           ###.....     21%         4    #####..


Dungeon Overview and Level Annotations

Branches:
Dungeon (4/15)
 Temple: D:4-7

Altars:
Nemelex Xobeh


Innate Abilities, Weirdness & Mutations

Your plain brown scales are hard (AC +6).
Your body does not fit into most forms of armour.
You are cold-blooded and may be slowed by cold attacks.


Message History

You feel sick.
Eat which item? (? for menu, Esc to quit)
You are feeling hungry.
You feel sick.
You are no longer poisoned.
The worker ant misses you. The worker ant barely misses you.
Mmm...
Pepperoni.
Unknown command.
Your magical contamination has completely faded away.
The worker ant bites you!
* * * LOW HITPOINT WARNING * * *
Casting: Iskenderun's Mystic Blast
Confirm with . or Enter, or press ? or * to list all spells.
Aiming: Iskenderun's Mystic Blast
Press: ? - help, Shift-Dir - straight line, f/p - worker ant
Aim: a worker ant The orb of energy hits the worker ant.
The worker ant is heavily wounded.
The orb of energy explodes!
The worker ant bites you.
You die...

......########.#).........#####.#
......# #....................#
..)...# ###.##..........########
##########...##..####.#.....#
#........#.#####.# #.##.##.#
#........#.# #.# #....##.#####
#........#.# #.# ##<..##......
#..........# #.## #.).##......
#..........# #@.# #...##......
#......†...######a####...##......
#........#...........#......#####
#........#########.#.#.#.##.#
#........# #.......#.##.#####
#...)....# #.##..###.##......
#........# #.##..# #.####)...
#........# #.###.###.####....
########## #.#............[..


You could see a worker ant.

Vanquished Creatures
  An ogre (D:2)
  Terence (D:2)
  2 orc wizards
  Natasha (thrice) (D:2)
  Robin (D:2)
  4 adders
  2 oozes
  3 giant geckos
  4 orcs
  4 giant cockroaches
  9 hobgoblins
  6 jackals (D:3)
  5 bats
  2 giant newts
  19 goblins
  5 kobolds
  7 rats
78 creatures vanquished.

Notes
Turn   | Place    | Note
--------------------------------------------------------------
     0 | D:1      | sugabear the Draconian Conjurer began the quest for the Orb.
     0 | D:1      | Reached XP level 1. HP: 14/14 MP: 3/3
   300 | D:1      | Reached XP level 2. HP: 20/20 MP: 5/5
   726 | D:2      | Found a sparkling altar of Nemelex Xobeh.
   731 | D:2      | Noticed Natasha
   745 | D:2      | Killed Natasha
   745 | D:2      | Reached XP level 3. HP: 6/27 MP: 2/6
  1031 | D:2      | Noticed Natasha
  1035 | D:2      | Killed Natasha
  1130 | D:2      | Noticed Terence
  1153 | D:2      | Killed Terence
  1153 | D:2      | Reached skill level 5 in Conjurations
  1153 | D:2      | Reached XP level 4. HP: 17/34 MP: 3/7
  1285 | D:2      | Noticed Natasha
  1288 | D:2      | Killed Natasha
  1341 | D:2      | Learned a level 4 spell: Iskenderun's Mystic Blast
  1388 | D:2      | Reached skill level 1 in Fighting
  1704 | D:3      | Noticed Robin
  1958 | D:2      | Reached XP level 5. HP: 11/40 MP: 4/8
  1960 | D:2      | Killed Robin
  2162 | D:2      | Noticed an ogre
  2319 | D:2      | Killed an ogre
  2912 | D:3      | Reached XP level 6. HP: 25/47 MP: 2/10
  3689 | D:3      | HP: 1/48 [worker ant (7)]
  3691 | D:3      | Slain by a worker ant

Vault maps used:
D:1:      dpeg_arrival_rooms_c
D:2:      nemelex_xobeh_ov_fountains_minmay, uniq_natasha, uniq_terence
D:3:      first_bread, uniq_robin
D:4:      uniq_duvessa

Action                   |  1- 3 |  4- 6 || total
-------------------------+-------+-------++-------
Melee: Whip              |    25 |       ||    25
       Dagger            |    37 |   205 ||   242
 Cast: Magic Dart        |    21 |    22 ||    43
       Iskenderun's Myst |       |    14 ||    14
 Stab: Sleeping          |     2 |     1 ||     3
  Eat: Chunk             |     1 |    10 ||    11
       Pizza             |       |     1 ||     1
